 Dungeon Crawl Stone Soup version 0.31-a0-986-g5e6e4ef867 (webtiles) character file.

Game seed: 681780812944553763

28757 IdlyInterested the Martial Artist (level 13, 0/101 HPs)
             Began as a Demonspawn Monk on Nov 16, 2023.
             Killed from afar by a catoblepas (7 damage)
             ... with a blast of calcifying dust
             ... on level 14 of the Dungeon.
             The game lasted 00:58:35 (15334 turns).

IdlyInterested the Martial Artist (DsMo)           Turns: 15334, Time: 00:58:37

Health: 0/101      AC: 19    Str: 18    XL:     13   Next: 11%
Magic:  13/13      EV: 14    Int: 14    God:
Gold:   269        SH:  5    Dex: 19    Spells: 12/12 levels left

rFire   + . .        V - +0 demon whip (venom)
rCold   + . .        (no shield)
rNeg    . . .        D - +2 ring mail {rF+}
rPois   +            s - +1 helmet of the Harp {Dex+3 SInv}
rElec   +            F - +2 cloak of the Salamander {rElec Regen+}
rCorr   .            y - +1 pair of gloves
SInv    +            (no boots)
Will    +....        J - amulet of reflection
Stlth   ++           i - ring "Anoaj" {Wiz rC+ Will+ Str+2 Int+2}
HPRegen 1.16/turn    z - ring of poison resistance
MPRegen 0.13/turn

%: reflection, wizardry (x1)
@: no status effects
A: thin metallic scales 2, powered by death 1, spiny 2, demonic touch 2, hooves
1
a: no special abilities


You were on level 14 of the Dungeon.
You visited 2 branches of the dungeon, and saw 15 of its levels.
You also visited: Ossuary and Gauntlet.

You collected 1103 gold pieces.
You spent 834 gold pieces at shops.

Inventory:

Hand Weapons
 V - a +0 demon whip of venom (weapon)
Missiles
 l - 18 poisoned darts
 t - 6 boomerangs (quivered)
 u - a curare-tipped dart
 v - 4 atropa-tipped darts
 E - a throwing net
 P - 17 javelins
Armour
 d - the orb "Vaseloq" {*channel, rF++ rC- Int+2}
   (You bought it in a shop on level 3 of the Dungeon)

   Int+2:     It affects your intelligence (+2).
   rF++:      It greatly protects you from fire.
   rC-:       It makes you vulnerable to cold.
 e - a +2 kite shield of positive energy
 m - a +1 pair of boots
 s - the +1 helmet of the Harp (worn) {Dex+3 SInv}
   (You found it in a Gauntlet)

   Dex+3:     It affects your dexterity (+3).
   SInv:      It lets you see invisible.
 y - a +1 pair of gloves (worn)
 D - a +2 ring mail of fire resistance (worn)
 F - the +2 cloak of the Salamander (worn) {rElec Regen+}
   (You found it in a Gauntlet)

   rElec:     It insulates you from electricity.
   Regen+:    It increases your rate of health regeneration.
 K - the +2 robe "Umunau" {rN++ Will+++ Str-5 Dex-5}
   (You found it on level 14 of the Dungeon)

   Str-5:     It affects your strength (-5).
   Dex-5:     It affects your dexterity (-5).
   rN++:      It greatly protects you from negative energy.
   Will+++:   It greatly increases your willpower.
 Y - a +2 leather armour of cold resistance
Magical Staves
 a - a staff of fire
 M - a staff of air
Jewellery
 i - the ring "Anoaj" (left hand) {Wiz rC+ Will+ Str+2 Int+2}
   (You found it in a Gauntlet)

   [ring of wizardry]

   Wiz:       It improves your spell success rate.
   Str+2:     It affects your strength (+2).
   Int+2:     It affects your intelligence (+2).
   rC+:       It protects you from cold.
   Will+:     It increases your willpower.
 x - a ring of ice
 z - a ring of poison resistance (right hand)
 I - a ring of positive energy
 J - an amulet of reflection (around neck)
Wands
 n - a wand of iceblast (3)
 L - a wand of quicksilver (4)
 N - a wand of flame (26)
 Q - a wand of polymorph (3)
 S - a wand of mindburst (17)
 W - a wand of charming (19)
Scrolls
 b - 5 scrolls of enchant weapon
 j - 3 scrolls of revelation
 k - 3 scrolls of summoning
 p - a scroll of silence
 q - 3 scrolls of teleportation
 r - a scroll of blinking
 C - 4 scrolls of fear
 O - 3 scrolls of enchant armour
 T - a scroll of fog
 X - 2 scrolls of identify
Potions
 c - a potion of ambrosia
 f - 2 potions of heal wounds
 g - a potion of might
 h - 3 potions of attraction
 o - a potion of invisibility
 w - 4 potions of haste
 A - 3 potions of cancellation
 B - 3 potions of enlightenment
 H - 8 potions of curing
 R - a potion of mutation
 U - a potion of resistance
 Z - 3 potions of lignification
Miscellaneous
 G - a lightning rod (4/4)


   Skills:
 - Level 9.0 Fighting
 - Level 9.0 Maces & Flails
 - Level 3.0 Throwing
 - Level 6.0 Armour
 - Level 6.0 Dodging
 - Level 3.0 Stealth
 - Level 3.0 Shields
 + Level 13.3 Unarmed Combat
 * Level 2.0 Fire Magic
 - Level 3.0 Evocations
 - Level 3.0 Shapeshifting


You had 12 spell levels left.
You didn't know any spells.
Your spell library contained the following spells:

 Spells                   Type           Power      Damage    Failure   Level
 Kiss of Death            Conj/Necr      0%         2d5       19%         1
 Slow                     Hex            0%         N/A       19%         1
 Cigotuvi's Dreadful Rot  Necr/Pois/Air  0%         N/A       28%         2
 Ensorcelled Hibernation  Hex/Ice        0%         N/A       28%         2
 Passwall                 Tmut/Erth      0%         N/A       28%         2
 Confusing Touch          Hex            0%         N/A       47%         3
 Frozen Ramparts          Ice            0%         1d1       47%         3
 Sigil of Binding         Hex            0%         N/A       47%         3
 Stone Arrow              Conj/Erth      0%         3d7       47%         3
 Swiftness                Air            0%         N/A       47%         3
 Tukima's Dance           Hex            0%         N/A       47%         3
 Vampiric Draining        Necr           0%         2d6       47%         3
 Animate Armour           Summ/Erth      0%         N/A       86%         4
 Dispel Undead            Necr           0%         3d6       86%         4
 Passage of Golubria      Tloc           0%         N/A       86%         4
 Petrify                  Tmut/Erth      0%         N/A       86%         4
 Iskenderun's Battlesphe  Conj           0%         2d6       99%         5
 Metabolic Englaciation   Hex/Ice        0%         N/A       99%         5
 Summon Forest            Summ/Tloc      0%         N/A       99%         5
 Summon Mana Viper        Hex/Summ       0%         N/A       99%         5
 Yara's Violent Unravell  Hex/Tmut       0%         3d3       99%         5
 Bombard                  Conj/Erth      0%         9d1       100%        6
 Death Channel            Necr           0%         N/A       100%        6
 Summon Cactus Giant      Summ           0%         N/A       100%        6
 Spellforged Servitor     Conj/Summ      0%         N/A       100%        7
 Lehudib's Crystal Spear  Conj/Erth      0%         10d2      100%        8


Dungeon Overview and Level Annotations

Branches:
Dungeon (14/15)            Temple (1/1) D:7            Lair (0/5) D:8
    Orc (0/2) D:9         Ossuary (visited)         Gauntlet (visited)
 Vaults: D:13-14

Altars:
Ashenzari
Cheibriados
Dithmenos
Fedhas
Gozag
Hepliaklqana
Kikubaaqudgha
Makhleb
Nemelex Xobeh
Okawaru
Qazlal
Ru
Sif Muna
Trog
Uskayaw
Vehumet
Wu Jian
Xom
Yredelemnul

Shops:
D:3 *[   D:11 ==!*


Innate Abilities, Weirdness & Mutations

You are mostly covered in thin metallic scales. (AC +3)
You regenerate a little health from kills.
You are mostly covered in sharp spines.
Your touch may inflict irresistible damage on your foes.
You have large cloven feet.


Message History

You kick the skeletal warrior, but do no damage.
The skeletal warrior is moderately damaged.
The skeletal warrior completely misses you.
The catoblepas gores you!
The helpless skeletal warrior fails to defend itself.
You hit the skeletal warrior but do no damage.
The skeletal warrior is moderately damaged.
You hit the catoblepas but do no damage.
The catoblepas looks as sick as possible!
Your kick misses the catoblepas.
You touch the catoblepas!
The catoblepas is severely wounded.
The skeletal warrior is no longer petrified.
The skeletal warrior hits you but does no damage.
The catoblepas is struck by your spines.
The catoblepas barely misses you.
The skeletal warrior hits you with a +0 flail of protection!!
* * * LOW HITPOINT WARNING * * *
You feel much better.
The catoblepas is struck by your spines.
The catoblepas gores you.
You block the skeletal warrior's attack.
The skeletal warrior hits you with a +0 flail of protection.
You hit the catoblepas.
The catoblepas looks as sick as possible!
Your kick misses the catoblepas.
The catoblepas is severely wounded.
The skeletal warrior hits you from afar with a +0 trident!
* * * LOW HITPOINT WARNING * * *
You block the skeletal warrior's attack.
The catoblepas is struck by your spines.
The catoblepas gores you!!
* * * LOW HITPOINT WARNING * * *
You feel much better.
The skeletal warrior hits you with a +0 flail of protection!
* * * LOW HITPOINT WARNING * * *
The skeletal warrior hits you from afar with a +0 trident.
* * * LOW HITPOINT WARNING * * *
The catoblepas breathes a plume of calcifying dust at you.
The blast of calcifying dust hits you!
You die...

# .#........ ..
#...........
..<#. .........
......#......
......#.....
#.....z...#
......#zY.##
....##.@§..#
>.......§..###
......#......#
......#.....##
....#........#
.........§....##
......#()§.....#
#.#..##.......##
......).........#


You could see a catoblepas (extremely poisoned) and 2 skeletal warriors.

Vanquished Creatures
  Gastronok (D:11)
  Kirke (D:14)
  A minotaur (Gauntlet)
  A green death (Gauntlet)
  Erolcha (D:10)
  Fannar (D:10)
  Erica (D:8)
  2 centaur warriors (D:14)
  A boulder beetle (D:13)
  3 two-headed ogres
  A tengu warrior (D:13)
  7 skeletal warriors
  Amaemon (D:10)
  A deep elf pyromancer (D:12)
  4 cyclopes
  Joseph (D:9)
  3 gargoyles
  2 unseen horrors
  3 orange demons
  Jeremiah (D:9)
  Psyche (D:10)
  2 kobold demonologists (D:12)
  2 minotaur zombies (Gauntlet)
  A komodo dragon (D:8)
  4 trolls
  A hornet (D:9)
  Prince Ribbit (D:6)
  A raiju (Gauntlet)
  A shadow (D:13)
  5 yaks (D:12)
  2 vampires (D:11)
  5 wyverns
  2 basilisks (D:8)
  4 wraiths
  A steam dragon (D:8)
  4 hogs (D:14)
  A vampire mosquito (D:14)
  4 acid dragons
  A water moccasin (D:7)
  2 black bears (D:4)
  3 orc warriors
  5 ice beasts
  An ogre (D:4)
  3 centaurs
  3 kobold brigands
  5 bullfrogs
  A gnoll sergeant (D:9)
  4 scorpions
  A wight (D:9)
  6 howler monkeys
  3 centaur zombies (Ossuary)
  A human zombie (Ossuary)
  2 orc priests (D:10)
  A gnoll bouda (D:8)
  3 hounds
  2 iguanas (D:6)
  A sleepcap (D:4)
  2 lightning spires (Gauntlet)
  10 orc wizards
  2 ogre zombies (Ossuary)
  7 mummies (Ossuary)
  19 gnolls
  4 adders
  5 adder zombies
  A worm (D:2)
  A dart slug (D:2)
  19 orcs
  3 ball pythons
  4 bats
  2 endoplasms
  5 giant cockroaches
  A goblin (D:1)
  5 hobgoblins
  2 jackals (D:3)
  15 kobolds
  A quokka (D:1)
  7 frilled lizards
  4 goblin zombies (Ossuary)
  6 hobgoblin zombies (Ossuary)
  4 kobold zombies (Ossuary)
  An orc zombie (Ossuary)
  6 quokka zombies (Ossuary)
  7 rats
270 creatures vanquished.

Notes
Turn   | Place    | Note
-------+----------+-------------------------------------------
     0 | D:1      | IdlyInterested the Demonspawn Monk began the quest for the
                  | Orb.
     0 | D:1      | Reached XP level 1. HP: 18/18 MP: 1/1
   129 | D:1      | Reached skill level 1 in Armour
   145 | D:1      | Gained mutation: You are partially covered in sharp spines.
                  | [demonic ancestry]
   145 | D:1      | Reached XP level 2. HP: 23/24 MP: 2/2
   224 | D:1      | Found a faded altar of an unknown god.
   297 | D:1      | Reached skill level 1 in Stealth
   598 | D:2      | Reached skill level 1 in Evocations
   664 | D:2      | Gained mutation: You are partially covered in thin metallic
                  | scales. (AC +2) [demonic ancestry]
   664 | D:2      | Reached XP level 3. HP: 29/29 MP: 3/3
   932 | D:2      | Reached skill level 1 in Shapeshifting
  1435 | D:3      | Gained mutation: You are mostly covered in sharp spines.
                  | [demonic ancestry]
  1435 | D:3      | Reached XP level 4. HP: 37/37 MP: 4/4
  1438 | D:3      | Found a basalt altar of Yredelemnul.
  1494 | D:3      | Found Viram's Assorted Antiques.
  1517 | D:3      | Bought a clear potion for 24 gold pieces
  1517 | D:3      | Bought a scroll labelled LIGARO HOSE for 27 gold pieces
  1517 | D:3      | Bought a scroll labelled TYDICZE NINNOM for 27 gold pieces
  1769 | D:3      | Found Ytiacaas's Antique Armour Shop.
  2079 | D:4      | Noticed a black bear
  2092 | D:4      | Killed a black bear
  2093 | D:4      | Reached skill level 5 in Fighting
  2093 | D:4      | Reached XP level 5. HP: 7/44 MP: 5/5
  2523 | D:4      | Reached XP level 6. HP: 46/51 MP: 6/6
  3065 | D:4      | Reached skill level 1 in Throwing
  3065 | D:4      | Gained mutation: Your touch may inflict minor irresistible
                  | damage on your foes. [demonic ancestry]
  3065 | D:4      | Reached XP level 7. HP: 34/59 MP: 7/7
  3291 | D:5      | Entered Level 5 of the Dungeon
  3386 | D:5      | Reached skill level 1 in Unarmed Combat
  3485 | D:5      | Reached skill level 2 in Unarmed Combat
  4053 | D:3      | Bought a glowing helmet for 202 gold pieces
  4233 | D:6      | Found a shimmering altar of Xom.
  4315 | D:6      | Reached skill level 3 in Unarmed Combat
  4435 | D:6      | Noticed Prince Ribbit
  4448 | D:6      | Killed Prince Ribbit
  4449 | D:6      | Reached XP level 8. HP: 36/65 MP: 8/8
  4679 | D:6      | Reached skill level 4 in Unarmed Combat
  4947 | D:6      | Reached skill level 5 in Maces & Flails
  5080 | D:7      | Identified the +7 great sword of Ogacs {speed, *Corrode
                  | Str+5}
  5239 | D:7      | Found a staircase to the Ecumenical Temple.
  5250 | Temple   | Entered the Ecumenical Temple
  5389 | D:7      | Reached skill level 5 in Unarmed Combat
  5445 | D:7      | Reached XP level 9. HP: 71/71 MP: 9/9
  5676 | D:3      | Bought a jewelled lead wand for 108 gold pieces
  5795 | D:8      | Noticed Erica
  5843 | D:8      | Killed Erica
  5844 | D:8      | Reached skill level 7 in Unarmed Combat
  5847 | D:8      | Found a sand-covered staircase.
  5852 | Ossuary  | Entered an ossuary
  6489 | D:8      | Gained mutation: You occasionally shout uncontrollably at
                  | your foes. [potion of mutation]
  6489 | D:8      | Lost mutation: You occasionally shout uncontrollably at
                  | your foes. [potion of mutation]
  6489 | D:8      | Gained mutation: You have large cloven feet. [potion of
                  | mutation]
  6496 | D:8      | Found an ornate altar of the Wu Jian Council.
  6506 | D:8      | Found a snail-covered altar of Cheibriados.
  6508 | D:8      | Found a shimmering blue altar of Sif Muna.
  6509 | D:8      | Found a hide-covered altar of Uskayaw.
  6513 | D:8      | Found a shadowy altar of Dithmenos.
  6514 | D:8      | Found a bloodstained altar of Trog.
  6754 | D:8      | Noticed a two-headed ogre
  6767 | D:8      | Killed a two-headed ogre
  6768 | D:8      | Reached skill level 8 in Unarmed Combat
  7026 | D:8      | Reached XP level 10. HP: 71/77 MP: 10/10
  7260 | D:8      | Reached skill level 9 in Unarmed Combat
  7372 | D:8      | Found a staircase to the Lair.
  7592 | D:3      | Bought a glass wand for 108 gold pieces
  7839 | D:9      | Identified the +1 leather armour "Uric" {Contam Harm rPois
                  | Dex+6}
  7938 | D:9      | Noticed Jeremiah
  7958 | D:9      | Killed Jeremiah
  8134 | D:9      | Found an iron altar of Okawaru.
  8540 | D:9      | Noticed Joseph
  8557 | D:9      | Killed Joseph
  8738 | D:9      | Found a staircase to the Orcish Mines.
  8813 | D:9      | Reached skill level 10 in Unarmed Combat
  9437 | D:10     | Entered Level 10 of the Dungeon
  9437 | D:10     | Noticed Psyche
  9446 | D:10     | Killed Psyche
  9508 | D:10     | Noticed Erolcha
  9519 | D:10     | Killed Erolcha
  9611 | D:10     | Found an opulent altar of Gozag.
  9612 | D:10     | Noticed Amaemon
  9612 | D:10     | Noticed an orange demon
  9628 | D:10     | Killed Amaemon
  9629 | D:10     | Gained mutation: You are mostly covered in thin metallic
                  | scales. (AC +3) [demonic ancestry]
  9629 | D:10     | Reached XP level 11. HP: 17/83 MP: 11/11
  9640 | D:10     | HP: 4/83 [orc warrior/+0 glaive (15)]
 10068 | D:10     | Noticed Fannar
 10085 | D:10     | Killed Fannar
 10896 | D:3      | Bought a translucent orb for 308 gold pieces
 10896 | D:3      | Identified the orb "Vaseloq" {*channel, rF++ rC- Int+2}
                  | (You bought it in a shop on level 3 of the Dungeon)
 11167 | D:11     | Found Xaacao Weosm's Distillery.
 11187 | D:11     | Found Muened's Assorted Antiques.
 11206 | D:11     | Bought a grey potion for 30 gold pieces
 11235 | D:11     | Found Vishajuo's Jewellery Shoppe.
 11320 | D:11     | Noticed Gastronok
 11337 | D:11     | Killed Gastronok
 11338 | D:11     | Reached skill level 11 in Unarmed Combat
 11451 | D:11     | Noticed a skeletal warrior
 11451 | D:11     | Noticed a skeletal warrior
 11465 | D:11     | Killed a skeletal warrior
 11475 | D:11     | Killed a skeletal warrior
 11491 | D:11     | Noticed a skeletal warrior
 11505 | D:11     | Noticed a skeletal warrior
 11507 | D:11     | Killed a skeletal warrior
 11509 | D:11     | Noticed a skeletal warrior
 11523 | D:11     | Killed a skeletal warrior
 11530 | D:11     | Killed a skeletal warrior
 11740 | D:11     | Found Jubiuth's Jewellery Shop.
 12120 | D:12     | Reached skill level 5 in Armour
 12248 | D:12     | Noticed a deep elf pyromancer
 12266 | D:12     | Killed a deep elf pyromancer
 12309 | D:12     | Gained mutation: You regenerate a little health from kills.
                  | [demonic ancestry]
 12309 | D:12     | Reached XP level 12. HP: 94/95 MP: 12/12
 12350 | D:12     | Noticed a two-headed ogre
 12361 | D:12     | Killed a two-headed ogre
 12778 | D:12     | Reached skill level 12 in Unarmed Combat
 12787 | D:12     | Reached skill level 5 in Dodging
 13414 | D:13     | Noticed a tengu warrior
 13414 | D:13     | Found a gate leading to a gauntlet.
 13434 | D:13     | Killed a tengu warrior
 13465 | Gauntlet | Entered a Gauntlet
 13465 | Gauntlet | Found a transporter.
 13465 | Gauntlet | Found a transporter.
 13465 | Gauntlet | Found a transporter.
 13466 | Gauntlet | Found a transporter.
 13470 | Gauntlet | Found a transporter.
 13479 | Gauntlet | Found a transporter.
 13480 | Gauntlet | Found a transporter.
 13489 | Gauntlet | Found a transporter.
 13495 | Gauntlet | Found a transporter.
 13499 | Gauntlet | Noticed a catoblepas
 13523 | Gauntlet | Noticed a green death
 13528 | Gauntlet | Found a transporter.
 13544 | Gauntlet | Found a transporter.
 13645 | Gauntlet | Found a transporter.
 13887 | Gauntlet | Identified the +1 helmet of the Harp {Dex+3 SInv}
 13897 | Gauntlet | Identified the ring "Anoaj" {Wiz rC+ Will+ Str+2 Int+2}
 13927 | Gauntlet | Killed a green death
 13965 | Gauntlet | Identified the +2 cloak of the Salamander {rElec Regen+}
 14087 | Gauntlet | Noticed a minotaur
 14100 | Gauntlet | Killed a minotaur
 14504 | D:13     | Noticed a boulder beetle
 14518 | D:13     | Killed a boulder beetle
 14768 | D:13     | Identified the +4 short sword of Dissent {heavy, Will+
                  | Dex+4}
 15106 | D:14     | Noticed a centaur warrior
 15106 | D:14     | Noticed a two-headed ogre
 15108 | D:14     | Noticed a centaur warrior
 15120 | D:14     | Killed a two-headed ogre
 15125 | D:14     | Killed a centaur warrior
 15126 | D:14     | Reached skill level 1 in Shields
 15126 | D:14     | Reached skill level 13 in Unarmed Combat
 15133 | D:14     | Killed a centaur warrior
 15145 | D:14     | Identified the +2 robe "Umunau" {rN++ Will+++ Str-5 Dex-5}
 15226 | D:14     | Noticed Kirke
 15244 | D:14     | Killed Kirke
 15245 | D:14     | Gained mutation: Your touch may inflict irresistible damage
                  | on your foes. [demonic ancestry]
 15245 | D:14     | Reached XP level 13. HP: 93/101 MP: 13/13
 15288 | D:14     | Reached skill level 1 in Fire Magic
 15333 | D:14     | HP: 1/101 [catoblepas (27)]
 15334 | D:14     | Killed from afar by a catoblepas

Illustrated notes

Levels and vault maps discovered:
D:1:      dpeg_arrival_round_a, layout_rooms, dreamdust_ecumenical_altar_grove
D:2:      layout_basic, kennysheep_generic_room_13
D:3:      layout_loops_corners, lemuel_zombie_altar_yredelemnul, serial_shops,
          nicolae_shop_hallway_stairs, shop_coins, chequers_avenue
D:4:      layout_layer_cave
D:5:      layout_loops_cross, nicolae_elyvilon_peaceful_grove
D:6:      layout_cave_pods, mainiacjoe_overflow_surrounded_room,
          uniq_prince_ribbit1
D:7:      layout_gridville, minmay_temple_entry_glass
D:8:      layout_loops_ring, minitemple, erik_lair_dragon, enter_ossuary_5,
          kennysheep_cross_bottleneck, feat_on_display, uniq_erica
D:9:      layout_loops_corners, hellmonk_okawaru_the_only_friend_you_need,
          orc_0_dummy, minmay_fractal_squares_5, uniq_joseph, uniq_jeremiah
D:10:     wander_river, layout_small_grid, nicolae_gozag_seed_capital,
          minmay_misc_feat_plants, grunt_ministairs_6, uniq_fannar,
          uniq_erolcha, uniq_psyche, uniq_amaemon
D:11:     layout_loops_ring, serial_shops, shop_fountains, shop, shop,
          nicolae_shop_getting_attention, uniq_gastronok
D:12:     layout_cave_pods
D:13:     layout_basic, gauntlet_entry_generic
D:14:     layout_cave_pools, skrybe_vaults_entry_preservation,
          minmay_misc_feat_room, st_stairs_10, uniq_kirke
Temple:   jpeg_temple_alley_garden

Skill      XL: |  1  2  3  4  5  6  7  8  9 10 11 12 13 |
---------------+----------------------------------------+-----
Armour         | 1 3 4 5 6 |  6.0
Stealth        | 1 2 3 |  3.0
Evocations     | 1 2 3 |  3.0
Shapeshifting  | 1 2 3 |  3.0
Maces & Flails | 3 4 6 8 9 |  9.0
Fighting       | 5 6 9 |  9.0
Dodging        | 3 4 6 |  6.0
Throwing       | 1 2 3 |  3.0
Unarmed Combat | 3 5 8 10 11 13 | 13.3
Shields        | 3 |  3.0
Fire Magic     | 2 |  2.0

Action                     |  1- 3 |  4- 6 |  7- 9 | 10-12 | 13-15 || total
---------------------------+-------+-------+-------+-------+-------++-------
  Melee: Mace              |    68 |    71 |   243 |   121 |       ||   503
         Touch             |       |       |    60 |   117 |     9 ||   186
         Punch             |       |       |     6 |    62 |     5 ||    73
         Kick              |       |       |    11 |   127 |    19 ||   157
         Demon whip        |       |       |       |   432 |    35 ||   467
  Throw: Stone             |       |     2 |    19 |     6 |       ||    27
         Dart              |       |     1 |     5 |     2 |       ||     8
         Javelin           |       |       |       |     5 |       ||     5
         Throwing net      |       |       |       |     1 |       ||     1
         Boomerang         |       |       |       |     2 |       ||     2
  Evoke: Wand              |       |       |       |     1 |       ||     1
    Use: Potion            |     3 |       |     8 |    13 |     2 ||    26
         Scroll            |     1 |     5 |     6 |     5 |       ||    17
   Stab: Sleeping          |     1 |       |     1 |       |       ||     2
         Petrified         |       |       |       |       |     4 ||     4
 Armour: Robe              |    36 |       |       |       |       ||    36
         Ring mail         |     5 |    68 |   124 |   370 |    35 ||   602
  Dodge: Dodged            |    52 |    61 |   112 |   242 |    13 ||   480
  Block: Other             |       |       |    31 |    90 |     8 ||   129
         Reflection        |       |       |       |     4 |       ||     4

Table legend: (Time is in decaauts)
 A = Elapsed time spent in this place.
 B = Non-inter-level travel time spent in this place.
 C = Inter-level travel time spent in this place.
 D = Time resting spent in this place.
 E = Time spent auto-exploring this place.
 F = Levels seen in this place.
 G = Mean time per level.
                   A        B        C        D        E       F      G
               +--------+--------+--------+--------+--------+-----+--------+
         Total |  15274 |  13529 |   1745 |   2141 |   7489 |  17 |  898.5 |
       Dungeon |  13964 |  12226 |   1738 |   2007 |   7489 |  14 |  997.4 |
        Temple |     32 |     25 |      7 |      0 |      0 |   1 |   32.0 |
       Ossuary |    596 |    596 |      0 |     51 |      0 |   1 |  596.0 |
      Gauntlet |    680 |    680 |      0 |     82 |      0 |   1 |  680.0 |
               +--------+--------+--------+--------+--------+-----+--------+

Top non-repeatable levels by time:
     D:9: 1877 daAuts
     D:4: 1477 daAuts
     D:8: 1298 daAuts
    D:12: 1288 daAuts
    D:10: 1161 daAuts
     D:6: 1067 daAuts
     D:3: 1064 daAuts
    D:13: 931 daAuts
    D:11: 911 daAuts
     D:5: 849 daAuts
     D:7: 769 daAuts
Gauntlet: 680 daAuts
     D:1: 601 daAuts
 Ossuary: 596 daAuts
     D:2: 461 daAuts
